Map: Altitude LE

Players

A.I. 1 (Very Easy) - Winner!

  • Race: Protoss Protoss
  • Spawn Location: 1:00

Pangi

  • Race: Protoss Protoss
  • League: Silver
  • Spawn Location: 7:00

VOD

Have the link to the VOD?

Description

Time

  • Played on: Feb. 14, 2023, 11:16 a.m.
  • Length: 5:44
Show
View Real Time Build Order
Export as new Build Order

A.I. 1 (Very Easy) Protoss - Winner!

Build Orders:  

Get SALT Encoding   

  12  0:00  Probe  
  13  0:13  Probe  
  14  0:20  Pylon  
  14  0:37  Assimilator  
  14  0:43  Gateway  
  14  0:46  Pylon  
  14  1:14  Assimilator  
  14  1:18  Probe  
  15  1:26  Probe  
  16  1:34  Cybernetics Core, Probe  
  17  1:45  Probe  
  18  1:56  Probe  
  18  2:00  Warp Gate  
  19  2:04  Probe  
  20  2:12  Stalker  
  22  5:38  Zealot  
  22  5:40  Pylon  
  22  5:42  Robotics Facility  
Show
View Real Time Build Order
Export as new Build Order

Pangi Protoss 

Build Orders: 1 Gate Expand, Blink Stalkers 

Get SALT Encoding   

  12  0:00  Probe  
  13  0:12  Probe  
  14  0:18  Pylon  
  14  0:24  Probe  
  15  0:36  Probe  
  15  0:41  Gateway  
  16  0:48  Assimilator  
  16  0:49  Probe (Chrono Boost)  
  17  1:00  Probe (Chrono Boost)  
  18  1:05  Probe (Chrono Boost)  
  19  1:15  Probe  
  20  1:27  Probe  
  20  1:28  Cybernetics Core  
  21  1:40  Nexus  
  21  1:43  Probe  
  22  1:51  Pylon  
  22  1:57  Assimilator, Probe  
  23  2:09  Adept (Chrono Boost)  
  23  2:11  Probe  
  26  2:22  Gateway  
  26  2:28  Gateway  
  26  2:31  Probe  
  27  2:46  Probe  
  27  2:47  Robotics Facility  
  28  2:52  Warp Gate  
  28  2:58  Twilight Council  
  28  3:01  Probe  
  29  3:08  Probe  
  30  3:17  Probe  
  31  3:23  Probe  
  32  3:31  Probe  
  33  3:36  Nexus  
  33  3:39  Probe  
  34  3:45  Probe  
  34  3:46  Blink (Chrono Boost)  
  35  3:52  Sentry  
  35  3:53  Probe  
  38  4:01  Probe  
  39  4:07  Pylon  
  39  4:08  Probe  
  40  4:16  Stalker  
  42  4:19  Probe  
  42  4:20  Probe  
  44  4:28  Stalker  
  44  4:29  Pylon  
  44  4:31  Stalker, Probe  
  47  4:34  Observer  
  47  4:35  Pylon, Probe  
  51  4:45  Probe (Chrono Boost)  
  52  4:48  Probe (Chrono Boost)  
  52  4:51  Probe (Chrono Boost)  
  54  4:56  Probe (Chrono Boost)  
  54  4:58  Pylon, Stalker, Sentry  
  59  5:01  Probe x2 (Chrono Boost)  
  59  5:05  Probe (Chrono Boost)  
  59  5:06  Assimilator  
  62  5:08  Assimilator  
  62  5:12  Probe  
  62  5:13  Probe  
  66  5:17  Stalker  
  66  5:19  Probe  
  69  5:24  Probe  
  69  5:25  Probe  
  71  5:30  Stalker  
  71  5:32  Stalker, Probe (Chrono Boost)  
  78  5:44  Stalker  
Tags
 
Composition
Blink Stalkers
League
Silver
Matchup
PvP
Spawn Locations
Cross Positions
Add a new tag
Caveats
  • Supply blocks, unpowered buildings, or Contaminate may cause inaccurate times.
  • Supply counts are checked every 10 seconds.